 Dungeon Crawl Stone Soup version 0.23.2-1-ga50397a6bc (webtiles) character file.

Game seed: 7088104311887347107

111 FluffierThanThou the Skirmisher (level 4, -1/50 HPs)
             Began as an Ogre Fighter on May 16, 2019.
             Slain by Sigmund
             ... wielding a +0 scythe
              (3 damage)
             ... on level 3 of the Dungeon.
             The game lasted 00:04:37 (2158 turns).

FluffierThanThou the Skirmisher (Ogre Fighter)      Turns: 2158, Time: 00:04:38

Health: -1/50      AC:  3    Str: 21    XL:     4   Next: 92%
Magic:  4/4        EV:  8    Int:  9    God:
Gold:   113        SH:  8    Dex:  8    Spells: 3/3 levels left

rFire    . . .     SeeInvis .   a - +0 war axe
rCold    . . .     Gourm    .   c - +0 shield
rNeg     . . .     Faith    .   k - +0 robe
rPois    .         Spirit   .   (helmet restricted)
rElec    .         Reflect  .   (no cloak)
rCorr    .         Harm     .   (gloves unavailable)
MR       .....                  (boots unavailable)
Stlth    +.........             (no amulet)
HPRegen  0.16/turn              (no ring)
MPRegen  0.09/turn              (no ring)

@: no status effects
A: large, unfitting armour, tough skin 1
a: no special abilities


You were on level 3 of the Dungeon.
You were very hungry.

You visited 1 branch of the dungeon, and saw 3 of its levels.

You collected 113 gold pieces.

Inventory:

Hand Weapons
 a - a +0 war axe (weapon)
 b - a +3 hunting sling
Missiles
 l - 59 stones (quivered)
Armour
 c - a +0 shield (worn)
 k - a +0 robe (worn)
Jewellery
 n - an uncursed ring of magical power {unknown}
Scrolls
 e - a scroll of identify
 g - 2 scrolls of enchant armour
 h - a scroll of teleportation {unknown}
 i - 2 scrolls of random uselessness {unknown}
 m - a scroll of amnesia {unknown}
 o - a scroll of fog {unknown}
Potions
 d - a potion of lignification {unknown}
 j - 2 potions of curing {unknown}
 p - a potion of flight {unknown}
Comestibles
 f - 9 rations


   Skills:
 * Level 5.5 Fighting
 + Level 2.8 Axes
 + Level 3.2 Dodging
 + Level 3.2 Shields


You had 3 spell levels left.
You didn't know any spells.
Your spell library was empty.

Dungeon Overview and Level Annotations

Branches:
Dungeon (3/15)

Altars:
Cheibriados
Dithmenos
Kikubaaqudgha
Ru

Annotations:
D:3 Sigmund


Innate Abilities, Weirdness & Mutations

You are too large for most types of armour.
You have tough skin. (AC +1)


Message History

Sigmund casts a spell.
Sigmund flickers and vanishes!
Deactivating autopickup; reactivate with Ctrl-A.
Something hits you but does no damage.
You slash something! Something hits you!
You closely miss something. You miss something. Something hits you.
You miss something.
You hear some strange, mumbled words.
A puff of flame appears from out of thin air!
The puff of flame hits you.
You hear some strange, mumbled words.
A magic dart appears from out of thin air!
The magic dart hits you.
You hit something. Something hits you.
* * * LOW HITPOINT WARNING * * *
You barely miss something. Something hits you!
* * * LOW HITPOINT WARNING * * *
You miss something. Something hits you.
You die...

#..# #...).# ##.##
####### #..#
########### #####..###
#.........# #........#
#.#######.# #........#
#.#######.# #........#
#.#.....#.#
#####.{######.....#.#.#
##@#<.........#.#.#
#..#####...#...#.#
###.#######.....#.#
#.................#
#.#...............#
#.#..)###########.#
#..................
#....>........###.#
#.............###.#


There were no monsters in sight!

Vanquished Creatures
  Jessica (D:2)
  Robin (D:3)
  An adder (D:2)
  A worm (D:2)
  A leopard gecko (D:1)
  3 orcs (D:3)
  3 giant cockroaches
  8 hobgoblins
  A quokka (D:2)
  9 bats
  7 frilled lizards
  13 goblins
  3 kobolds
  6 rats
58 creatures vanquished.

Notes
Turn   | Place    | Note
-------+----------+-------------------------------------------
     0 | D:1      | FluffierThanThou the Ogre Fighter began the quest for the
                  | Orb.
     0 | D:1      | Reached XP level 1. HP: 24/24 MP: 1/1
   227 | D:1      | Reached XP level 2. HP: 22/32 MP: 2/2
   493 | D:1      | Reached XP level 3. HP: 33/40 MP: 3/3
   836 | D:2      | Found a shadowy altar of Dithmenos.
   862 | D:2      | Found a snail-covered altar of Cheibriados.
   862 | D:2      | Found a sacrificial altar of Ru.
   863 | D:2      | Found an ancient bone altar of Kikubaaqudgha.
  1163 | D:2      | Reached skill level 5 in Fighting
  1325 | D:3      | Noticed Jessica
  1346 | D:2      | Killed Jessica
  1346 | D:2      | Reached XP level 4. HP: 10/50 MP: 4/4
  1756 | D:3      | Noticed Robin
  1763 | D:3      | Killed Robin
  1958 | D:3      | Noticed Sigmund
  2157 | D:3      | HP: 2/50 [something (9)]
  2158 | D:3      | Slain by Sigmund

Skill      XL: |  1  2  3 |
---------------+----------+-----
Dodging        | 3 |  3.2
Shields        | 3 |  3.2
Fighting       | 5 |  5.5
Axes           | |  2.8

Action                   |  1- 3 |  4- 6 || total
-------------------------+-------+-------++-------
Melee: War axe           |   127 |    33 ||   160
 Fire: Hunting sling     |     3 |     6 ||     9
  Use: Scroll            |       |     1 ||     1
       Potion            |       |     1 ||     1
  Eat: Chunk             |     1 |     2 ||     3
Armor: Robe              |    51 |    10 ||    61
Dodge: Dodged            |    53 |     3 ||    56
Block: Shield            |    63 |    12 ||    75
